AoeStats
← 漂亮国五星上将艾森豪威尔下士

Arena

510940649Analyzed
4v4 RM · 5h ago on Oct 3, 2026· 66m 21s· 8 players
Game mode
Random Map
Map size
Large (8 player)
Population
200
Speed
Normal
Resources
Standard
Victory
Conquest
Starting age
Dark Age
Ending age
Imperial Age
RankedLock teamsTeams togetherTeam positionsShared explorationLock speedFull tech treeHidden civsTurbo modeCheats
Victory
Defeat
🇨🇳 Chinese · China
1097
+13
🇺🇸 Japanese · United States
1023
+16
🇨🇳 Khmer · China
959
+18
🇭🇰 Wei · Hong Kong SAR China
841
+22
🇲🇽 Persians · Mexico
1143
-23
🇲🇽 Franks · Mexico
1002
-17
🇲🇽 Varangians · Mexico
957
-15
🇲🇽 Britons · Mexico
937
-14
電動遊戯
3:30 Loom
9:00 Feudal Age
13:04 Castle Age
13:23 Double-Bit Axe
14:57 Fervor
17:48 Bow Saw
18:55 Horse Collar
22:01 Heavy Plow
23:06 Wheelbarrow
27:55 Stone Mining
27:56 Gold Mining
28:18 Husbandry
28:29 Bloodlines
29:11 Hand Cart
31:14 Stone Shaft Mining
31:16 Gold Shaft Mining
34:21 Imperial Age
31:34 Light Cavalry
32:10 Town Watch
32:48 Fortified Wall
32:59 Ballistics
32:34 Murder Holes
33:08 Town Patrol
33:21 Masonry
33:24 Fletching
33:39 Scale Barding Armor
33:45 Forging
33:35 Scale Mail Armor
33:57 Forging
35:07 Bodkin Arrow
35:32 Chain Barding Armor
35:39 Conscription
35:20 Double Crossbow
35:06 Capped Ram
36:55 Crop Rotation
36:05 Elite Ballista Elephant
38:20 Siege Ram
39:49 Bracer
39:57 Siege Engineers
41:16 Plate Barding Armor
41:44 Chemistry
41:15 Architecture
40:21 Siege Ram
43:14 Hussar
44:24 Pikeman
44:50 Arson
45:42 Iron Casting
45:22 Chain Mail Armor
46:52 Halberdier
53:31 Blast Furnace
59:07 Caravan
59:37 Coinage
66:21 Banking
theodb
9:32 Feudal Age
10:48 Wheelbarrow
11:22 Town Watch
17:17 Castle Age
15:12 Double-Bit Axe
15:29 Horse Collar
15:56 Fletching
18:32 Loom
20:47 Gold Mining
20:49 Stone Mining
26:32 Hand Cart
37:22 Imperial Age
34:42 Treadmill Crane
35:10 Murder Holes
36:09 Ballistics
35:58 Bodkin Arrow
37:11 Masonry
37:50 Guard Tower
42:07 Chemistry
40:53 Arrowslits
41:44 Keep
43:36 Bracer
43:47 Siege Engineers
51:44 Scale Barding Armor
51:39 Scale Mail Armor
51:40 Padded Archer Armor
51:52 Forging
51:48 Heavy Plow
52:04 Bow Saw
56:37 Gold Shaft Mining
57:09 Two-Man Saw
56:39 Thumb Ring
56:49 Elite Skirmisher
59:24 Leather Archer Armor
59:21 Squires
59:11 Gambesons
59:45 Pikeman
60:11 Arson
62:11 Ring Archer Armor
61:58 Chain Mail Armor
62:21 Iron Casting
62:25 Halberdier
64:17 Plate Mail Armor
gregyostnerij
0:26 Loom
9:51 Feudal Age
14:37 Castle Age
13:35 Double-Bit Axe
14:13 Horse Collar
21:10 Bow Saw
22:12 Heavy Plow
23:39 Wheelbarrow
24:37 Gold Mining
24:41 Stone Mining
24:58 Fletching
25:32 Hand Cart
26:12 Thumb Ring
27:10 Gold Shaft Mining
27:11 Stone Shaft Mining
31:42 Imperial Age
29:40 Ballistics
29:30 Masonry
29:18 Bodkin Arrow
29:23 Padded Archer Armor
30:33 Leather Archer Armor
30:27 Scale Barding Armor
30:32 Forging
31:49 Elite Chu Ko Nu
32:50 Conscription
32:33 Bracer
33:03 Ring Archer Armor
32:34 Bracer
33:04 Ring Archer Armor
33:11 Ring Archer Armor
32:09 Capped Ram
32:10 Heavy Scorpion
33:57 Two-Man Saw
34:09 Chemistry
33:40 Architecture
33:05 Siege Ram
34:35 Iron Casting
34:39 Chain Barding Armor
34:57 Scale Mail Armor
36:14 Squires
37:17 Blast Furnace
37:56 Chain Mail Armor
38:04 Chain Mail Armor
37:24 Elite Fire Lancer
38:33 Fortified Wall
42:14 Plate Mail Armor
43:05 Pikeman
43:39 Halberdier
漂亮国五星上将艾森豪威尔下士
10:21 Feudal Age
16:28 Castle Age
14:48 Double-Bit Axe
15:10 Horse Collar
15:52 Gold Mining
17:57 Bow Saw
21:03 Fervor
21:49 Forging
21:44 Scale Barding Armor
22:04 Stone Mining
24:31 Wheelbarrow
24:53 Chain Barding Armor
24:36 Padded Archer Armor
27:24 Iron Casting
27:05 Heavy Plow
28:21 Leather Archer Armor
27:57 Fletching
31:11 Imperial Age
28:56 Treadmill Crane
29:36 Hand Cart
30:37 Husbandry
30:48 Bloodlines
31:08 Bodkin Arrow
32:37 Bloodlines
31:48 Heavy Hei Guang Cavalry
33:34 Blast Furnace
32:35 Bracer
33:05 Ring Archer Armor
33:17 Ming Guang Armor
33:13 Conscription
33:29 Hoardings
33:44 Stone Shaft Mining
33:14 Town Watch
36:09 Tuntian
38:18 Gold Shaft Mining
38:18 Thumb Ring
41:47 Fortified Wall
41:48 Masonry
41:41 Scale Mail Armor
42:19 Squires
41:39 Pikeman
42:43 Chain Mail Armor
42:28 Murder Holes
42:46 Light Cavalry
44:36 Coinage
44:20 Halberdier
44:46 Arson
46:24 Banking
47:20 Hussar
58:57 Crop Rotation
BenzDo2223
11:21 Feudal Age
15:09 Castle Age
13:59 Double-Bit Axe
14:00 Horse Collar
16:34 Heavy Plow
25:13 Wheelbarrow
24:39 Stone Mining
27:43 Scale Barding Armor
28:24 Stone Shaft Mining
30:46 Imperial Age
28:35 Gold Mining
29:31 Chain Barding Armor
29:52 Gold Shaft Mining
29:41 Hand Cart
30:14 Bow Saw
30:20 Bloodlines
30:11 Husbandry
30:26 Forging
31:39 Conscription
32:01 Iron Casting
32:02 Plate Barding Armor
31:46 Elite War Elephant
32:51 Loom
32:52 Town Watch
44:24 Blast Furnace
53:54 Caravan
57:19 Thumb Ring
57:08 Fletching
57:02 Elite Skirmisher
58:15 Bodkin Arrow
59:16 Padded Archer Armor
61:16 Light Cavalry
XGTIROMlllX
11:30 Feudal Age
16:19 Castle Age
15:33 Double-Bit Axe
16:06 Stone Mining
16:07 Gold Mining
26:15 Wheelbarrow
25:52 Bow Saw
29:06 Hand Cart
33:45 Imperial Age
32:12 Gold Shaft Mining
33:24 Ballistics
35:27 Chemistry
46:36 Pikeman
47:17 Squires
47:02 Arson
48:14 Halberdier
53:08 Fortified Wall
53:21 Onager
54:10 Siege Engineers
McLain40
11:44 Feudal Age
12:49 Double-Bit Axe
13:27 Horse Collar
14:14 Loom
17:02 Castle Age
18:02 Wheelbarrow
20:57 Bow Saw
21:41 Heavy Plow
25:29 Scale Barding Armor
25:34 Forging
26:41 Hand Cart
27:00 Town Watch
28:21 Gold Mining
28:21 Stone Mining
30:04 Stone Shaft Mining
30:03 Town Patrol
31:37 Chain Barding Armor
31:27 Forging
31:30 Bloodlines
31:21 Husbandry
32:19 Vendel Legacy
36:08 Imperial Age
35:19 Light Cavalry
38:44 Two-Man Saw
38:22 Crop Rotation
39:54 Cavalier
39:59 Hussar
40:20 Onager
46:24 Chemistry
45:35 Masonry
45:07 Treadmill Crane
45:42 Elite Jarl
49:54 Iron Casting
49:54 Plate Barding Armor
49:43 Pikeman
52:54 Scale Mail Armor
56:03 Halberdier
56:44 Squires
59:00 Caravan
62:07 Plate Barding Armor
61:49 Chain Mail Armor
Machetekills135
0:29 Loom
11:37 Feudal Age
17:43 Castle Age
15:39 Double-Bit Axe
15:51 Horse Collar
20:04 Bow Saw
24:26 Wheelbarrow
25:57 Heavy Plow
27:49 Padded Archer Armor
27:39 Fletching
27:45 Gold Mining
32:50 Imperial Age
31:09 Yeomen
32:36 Leather Archer Armor
34:57 Chemistry
33:49 Heated Shot
35:30 Ring Archer Armor
34:55 Bodkin Arrow
35:44 Elite Longbowman
39:15 Hand Cart
40:09 Pikeman
41:40 Halberdier
42:06 Gambesons
42:07 Arson
42:23 Squires
51:56 Man-at-Arms
52:55 Long Swordsman
Connection lost

Rejoining the realm…

Still unreachable

The connection could not be restored.

Session expired

The server has moved on; the page needs a fresh start.